 Dungeon Crawl Stone Soup version 0.30-a0-860-g512cf1e979 (webtiles) character file.

Game seed: 5387237816046766496

116178 browni3141 the Unseen (level 17, 0/108 HPs)
             Began as a Kobold Artificer on Mar 7, 2023.
             Was an Initiate of Gozag.
             Killed by the raging water
             ... invoked by a water nymph
              (30 damage)
             ... on level 4 of the Shoals.
             The game lasted 01:19:11 (43647 turns).

browni3141 the Unseen (Kobold Artificer)           Turns: 43647, Time: 01:19:12

Health: 0/108      AC: 25    Str: 13    XL:     17   Next: 25%
Magic:  17/17      EV: 25    Int: 20    God:    Gozag
Gold:   1589       SH:  0    Dex: 31    Spells: 16/16 levels left

rFire   . . .      SeeInvis .    a - +6 club (venom)
rCold   + + .      Faith    .    (no shield)
rNeg    . . .      Spirit   .    P - +2 ice dragon scales
rPois   .          Reflect  .    e - +2 hat {Int+3}
rElec   .          Rampage  .    b - +5 cloak of Light {Will+ Str+2 Int+3}
rCorr   .                        Q - +2 pair of gloves {Dex+3}
Will    +++..                    (no boots)
Stlth   ++++                     g - amulet of the acrobat
HPRegen 0.38/turn                R - +6 ring of dexterity
MPRegen 0.15/turn                J - ring of Egalitarianism {rF+ Will+ Str+2 Slay+4}

@: very slow
A: small, no large weapons, nightstalker 3
a: Renounce Religion, Potion Petition, Call Merchant, Bribe Branch


You were on level 4 of the Shoals.
You worshipped Gozag.
Gozag was most pleased with you.
You visited 5 branches of the dungeon, and saw 27 of its levels.
You also visited: Sewer.

You collected 8534 gold pieces.
You spent 5236 gold pieces at shops.
You paid 1709 gold pieces to Gozag.

Inventory:

Hand Weapons
 a - a +6 club of venom (weapon)
 n - the +7 morningstar "Tithiju" {flame, rPois rF- Will++}
   (You bought it in a shop on level 15 of the Dungeon)

   rF:        It makes you vulnerable to fire.
   rPois:     It protects you from poison.
   Will:      It greatly increases your willpower.
 O - a +1 short sword of venom
Missiles
 E - 10 atropa-tipped darts
 V - 3 curare-tipped darts
 X - 5 throwing nets
Armour
 b - the +5 cloak of Light (worn) {Will+ Str+2 Int+3}
   (You bought it in a shop on level 15 of the Dungeon)

   Str:       It affects your strength (+2).
   Int:       It affects your intelligence (+3).
   Will:      It increases your willpower.
 c - a +0 kite shield
 e - a +2 hat of intelligence (worn)
 P - +2 ice dragon scales (worn)
 Q - a +2 pair of gloves of dexterity (worn)
Jewellery
 g - an amulet of the acrobat (around neck)
 h - a +6 ring of intelligence
 q - a ring of protection from fire
 u - a +4 ring of protection
 x - a ring of protection from cold
 J - the ring of Egalitarianism (right hand) {rF+ Will+ Str+2 Slay+4}
   (You bought it in a shop on level 2 of the Orcish Mines)

   [ring of protection from fire]

   Str:       It affects your strength (+2).
   Slay:      It affects your accuracy & damage with ranged weapons and melee
   (+4).
   rF:        It protects you from fire.
   Will:      It increases your willpower.
 L - a ring of resist corrosion
 R - a +6 ring of dexterity (left hand)
 U - a ring of willpower
Wands
 W - a wand of digging (9)
 Y - a wand of polymorph (5)
Scrolls
 f - 14 scrolls of teleportation
 k - 3 scrolls of magic mapping
 l - 2 scrolls of torment
 t - 3 scrolls of vulnerability
 y - 4 scrolls of blinking
 z - 2 scrolls of enchant armour
 B - a scroll of silence
 C - 4 scrolls of fear
 H - 6 scrolls of fog
 M - 3 scrolls of immolation
 N - 3 scrolls of identify
 S - 4 scrolls of butterflies
Potions
 d - 2 potions of resistance
 i - 4 potions of might
 j - 2 potions of invisibility
 m - 2 potions of curing
 o - 2 potions of ambrosia
 r - 4 potions of flight
 s - 3 potions of haste
 v - 6 potions of mutation
 w - 5 potions of attraction
 D - 2 potions of berserk rage
 F - 6 potions of lignification {unknown}
 G - 2 potions of cancellation {unknown}
 I - 5 potions of heal wounds
 K - 6 potions of brilliance
 Z - 2 potions of magic {unknown}
Miscellaneous
 T - a phantom mirror (inert)


   Skills:
 - Level 13.0 Fighting
 - Level 12.0 Short Blades
 - Level 10.0 Maces & Flails
 - Level 4.0 Throwing
 - Level 8.0 Armour
 - Level 15.0 Dodging
 - Level 17.0 Stealth
 * Level 8.8 Shields
 - Level 10.0 Evocations


You had 16 spell levels left.
You didn't know any spells.
Your spell library contained the following spells:

 Spells                   Type           Power      Damage    Failure   Level
 Apportation              Tloc           0%         N/A       67%         1
 Beastly Appendage        Tmut           0%         N/A       67%         1
 Necrotise                Necr           0%         1d4       67%         1
 Slow                     Hex            0%         N/A       67%         1
 Summon Small Mammal      Summ           0%         N/A       67%         1
 Blink                    Tloc           0%         N/A       82%         2
 Ensorcelled Hibernation  Hex/Ice        0%         N/A       82%         2
 Scorch                   Fire           0%         2d5       82%         2
 Static Discharge         Conj/Air       0%         2-2/arc   82%         2
 Confusing Touch          Hex            0%         N/A       96%         3
 Gell's Gravitas          Tloc           0%         N/A       96%         3
 Ignite Poison            Fire/Tmut/Pois 0%         N/A       96%         3
 Kindle Blastsparks       Fire/Tloc/Air  0%         2d10      96%         3
 Spider Form              Tmut/Pois      0%         N/A       96%         3
 Teleport Other           Tloc           0%         N/A       96%         3
 Vampiric Draining        Necr           0%         2d6       96%         3
 Vhi's Electric Charge    Tloc/Air       0%         N/A       96%         3
 Anguish                  Hex/Necr       0%         N/A       100%        4
 Flame Wave               Conj/Fire      0%         2d4       100%        4
 Fulminant Prism          Conj/Hex       0%         3d5       100%        4
 Iskenderun's Mystic Bla  Conj/Tloc      0%         2d3       100%        4
 Leda's Liquefaction      Hex/Erth       0%         N/A       100%        4
 Sticky Flame             Conj/Fire      0%         2d3       100%        4
 Agony                    Necr           0%         N/A       100%        5
 Alistair's Intoxication  Tmut/Pois      0%         N/A       100%        5
 Arcjolt                  Conj/Air       0%         1d10      100%        5
 Freezing Cloud           Conj/Ice/Air   0%         6-21      100%        5
 Lee's Rapid Deconstruct  Erth           0%         3d4*      100%        5
 Lightning Bolt           Conj/Air       0%         1d11      100%        5
 Dispersal                Tloc           0%         N/A       100%        6
 Statue Form              Tmut/Erth      0%         N/A       100%        6
 Summon Cactus Giant      Summ           0%         N/A       100%        6
 Ignition                 Fire           0%         3d3       100%        8
 Animate Dead             Necr           Unusable   N/A       N/A         4

Dungeon Overview and Level Annotations

Branches:
Dungeon (15/15)            Temple (1/1) D:6            Lair (5/5) D:9
 Shoals (4/4) Lair:3        Snake (0/4) Lair:3        Slime (0/5) Lair:4
    Orc (2/2) D:10            Elf (0/3) Orc:2        Vaults (0/5) D:14
 Depths (0/4) D:15          Sewer (visited)

Altars:
Ashenzari
Cheibriados
Dithmenos
Elyvilon
Fedhas
Gozag
Hepliaklqana
Kikubaaqudgha
Makhleb
Nemelex Xobeh
Okawaru
Qazlal
Ru
Sif Muna
Trog
Uskayaw
Vehumet
Wu Jian
Xom
Yredelemnul
Zin
The Shining One

Shops:
D:3 *   D:8 (   D:11 *   D:15 ([   Orc:2 [*=:

Annotations:
D:12 3 runed translucent doors, exclusion: 3 doors
D:13 3 runed translucent doors, retardedninja's ghost, journeyman GnFi
D:14 exclusion: 3 hell hounds
Lair:3 1 runed translucent door, Zenkrye's ghost, journeyman HuCA
Shoals:1 Jorgrun


Innate Abilities, Weirdness & Mutations

You are small and have problems with some larger weapons.
You are completely attuned to the shadows.


Message History

You hear a shout!
Aiming: Phantom Mirror
Press: ? - help, Dir - move target, f - wind drake
Aim: a wind drake (heavily wounded, repelling missiles, extremely poisoned, catching its breath)
You reflect the wind drake with the mirror!
The mirror clouds!
Your wind drake bites the wind drake.
The wind drake bites your wind drake.
Your wind drake misses the wind drake.
The wind drake bites your wind drake.
A merfolk siren comes into view. It is wielding a +0 spear.
Unknown command.
Your wind drake barely misses the wind drake.
The wind drake bites your wind drake. Something hits your wind drake!
The wind drake misses your wind drake.
Your wind drake bites the wind drake but does no damage.
A water elemental comes into view.
Unknown command.
Something hits your wind drake!
Your wind drake dies!
Your wind drake's corpse shimmers and vanishes!
The wind drake flaps its wings at you. The air twists around and strikes you!
* * * LOW HITPOINT WARNING * * *
Splash!
You fall into the shallow water.
Moving in this stuff is going to be slow.
You hit the water nymph.
The water nymph is lightly wounded.
The merfolk siren chants a haunting song.
You resist with almost no effort.
The water nymph gestures at you while chanting.
The water swirls and strikes you.
Unknown command.
Aiming: Polymorph
Press: ? - help, Shift-Dir - straight line, f - water nymph, p - wind drake
Aim: a water nymph (lightly wounded, will become a glowing orange brain, a swamp worm, or a snapping turtle, chance to affect: 10%)
The water nymph resists with almost no effort.
The water nymph points at you and mumbles some strange words.
The water swirls and strikes you!!
You die...
Your body crumbles into a pile of gold.

###...#,,,,,*~~~~~~~*~,,,,,*,~**~
~~##..#,,~~~~~~...#~~~~~$,,*,~**~
~~~#..#,*~~~#..~#.m~##~~~~,*,~~~~
<~~'..#,,~~~~~~~~~#~~~~~~,,*,,,,,
~~~#..#,,,,.#~~~~~~~....,,,*,~~~~
~~##..#8,,,...mmE~~.....,,8*,~**~
###...##########~~######****,~**~
........$..$$.)km.~.....,,,,,~~~~
#.P......$.$?..~@~......,,,,,,,,,
########################*********
*********************************
~~~~~~~~~~~~~~~~~~~~~~~~~~~~~~~~~
~~~~~~~~~~~~~~~~~~~~~~~~~~~~~~~~~
~~~~~~~~~~~~~~~~~~~~~~~~~~~~~~~~~
~~~~~~~~~~~~~~~~~~~~~~~~~~~~~~~~~
~~~~~~~~~~~~~~~~~~~~~~~~~~~~~~~~~
~~~~~~~~~~~~~~~~~~~~~~~~~~~~~~~~~


You could see a wind drake (repels missiles, extremely poisoned), a merfolk, a
water elemental and a water nymph.

Vanquished Creatures
  Frances (D:14)
  Gastronok (D:8)
  Kirke (Shoals:1)
  2 orc warlords (Orc:1)
  A merfolk javelineer (Shoals:4)
  An ettin (D:15)
  4 vault guards (D:14)
  A merfolk impaler (Shoals:4)
  Harold (Lair:2)
  An ogre mage (D:14)
  Erica (Lair:1)
  3 boulder beetles
  7 centaur warriors
  2 two-headed ogres
  A catoblepas (Lair:4)
  3 hydras
  3 satyrs
  3 death yaks (D:9)
  3 tengu warriors (D:15)
  Sonja (Lair:1)
  A skyshark (Lair:4)
  3 orc high priests (Orc:2)
  A hell knight (D:15)
  A deep elf knight (D:14)
  4 skeletal warriors
  A goliath frog (Lair:5)
  2 sea snakes (Shoals:1)
  A deep troll (D:15)
  3 wizards
  7 harpies
  9 orc knights
  A lindwurm (Lair:5)
  8 fauns
  2 deep elf pyromancers
  6 orc sorcerers
  3 cyclopes
  9 manticores
  8 ugly things
  2 merfolk sirens (Shoals:3)
  A guardian serpent (Orc:1)
  9 elephants
  18 cane toads
  Maurice (D:9)
  4 water nymphs (Shoals:4)
  5 black mambas
  A gargoyle (D:12)
  A torpor snail (Lair:3)
  4 unseen horrors
  5 rime drakes
  A yaktaur (shapeshifter) (D:15)
  2 tengu conjurers
  7 komodo dragons
  Maggie (D:7)
  2 freezing wraiths
  5 trolls
  The ghost of Pimp the Covered, an amateur AtFi (D:4)
  8 merfolk
  6 meliai
  4 wind drakes (Shoals:4)
  6 polar bears
  2 tyrant leeches
  2 snapping turtles
  15 dream sheep
  Prince Ribbit (D:6)
  28 blink frogs
  A centaur simulacrum (D:15)
  12 slime creatures
  7 water elementals
  An air elemental (Shoals:4)
  3 wyverns
  5 wraiths
  27 yaks
  2 basilisks
  A human (D:14)
  A steam dragon (D:9)
  19 vampire mosquitoes
  A naga (Lair:3)
  2 wargs
  An acid dragon (D:11)
  18 water moccasins
  27 orc warriors
  2 ice beasts (D:7)
  A black bear (D:6)
  7 ogres
  17 centaurs
  3 wolves (Lair:3)
  2 phantoms
  4 kobold brigands
  17 bullfrogs
  4 wights
  11 killer bees (D:8)
  5 howler monkeys
  2 electric eels
  20 orc priests
  3 jellies
  A gnoll bouda (D:5)
  3 sleepcaps (D:5)
  5 iguanas
  13 orc wizards
  6 hell rats (Lair:3)
  A hound zombie (D:4)
  A howler monkey zombie (D:4)
  A mummy (D:7)
  11 adders
  4 gnolls
  4 river rats (Sewer)
  2 shadow imps
  A white imp (D:4)
  2 adder zombies (D:4)
  3 worms
  2 dart slugs
  73 orcs
  9 ball pythons
  3 bats
  10 endoplasms
  4 giant cockroaches
  2 goblins
  5 hobgoblins
  7 jackals
  7 quokkas
  10 frilled lizards
  2 hobgoblin zombies (D:7)
  16 kobolds
  2 orc zombies (D:7)
  5 rats
694 creatures vanquished.

Vanquished Creatures (collateral kills)
  An ettin (Orc:1)
  A merfolk impaler (Shoals:3)
  A goliath frog (Lair:5)
  A rime drake (Lair:2)
  A troll (Orc:1)
  2 merfolk (Shoals:3)
  2 wargs (Orc:1)
  A water moccasin (Lair:5)
  2 orc warriors (Orc:1)
  An ogre (D:4)
  2 wights (D:6)
  2 orc priests
  A hell rat (Lair:3)
  2 gnolls (D:4)
  7 orcs
  2 hobgoblins (D:10)
  A jackal (D:1)
30 creatures vanquished.

Vanquished Creatures (others)
  An orc high priest (Orc:2)
  A wind drake (Shoals:4)
  7 humans (Shoals:1)
  A warg (Orc:1)
  3 orc warriors (D:10)
  A killer bee (D:8)
  A hound (D:5)
  An iguana (D:5)
  An orc wizard (Orc:2)
  A gnoll (D:4)
  5 orcs
  A jackal (D:1)
  A bush (Lair:4)
  32 fungi
  152 plants
209 creatures vanquished.

Grand Total: 933 creatures vanquished

Notes
Turn   | Place    | Note
-------+----------+-------------------------------------------
     0 | D:1      | browni3141 the Kobold Artificer began the quest for the
                  | Orb.
     0 | D:1      | Reached XP level 1. HP: 12/12 MP: 1/1
   195 | D:1      | Reached XP level 2. HP: 7/17 MP: 2/2
   631 | D:1      | Reached skill level 1 in Armour
   723 | D:1      | Reached XP level 3. HP: 21/21 MP: 3/3
   807 | D:1      | Found a faded altar of an unknown god.
   980 | D:1      | Reached skill level 2 in Stealth
  1120 | D:2      | Reached skill level 1 in Short Blades
  1222 | D:2      | HP: 1/21 [poisoned by an adder]
  1389 | D:2      | Identified the +10 hand axe of Blood-Lust {venom, *Slow Fly
                  | rC+ Dex+3}
  1413 | D:2      | Reached XP level 4. HP: 26/26 MP: 4/4
  1571 | D:2      | Reached skill level 4 in Stealth
  1750 | D:2      | Reached XP level 5. HP: 30/30 MP: 5/5
  2666 | D:3      | Found a sacrificial altar of Ru.
  2669 | D:3      | Found a shimmering altar of Xom.
  2737 | D:3      | Found Qughuf's General Store.
  2910 | D:3      | Found a stormy altar of Qazlal.
  3110 | D:3      | Identified the +1 leather armour of Hubris {Str+4}
  3538 | D:4      | Found a basalt altar of Yredelemnul.
  3578 | D:4      | Noticed an ogre
  3586 | D:4      | Reached XP level 6. HP: 33/35 MP: 6/6
  3600 | D:4      | Killed an ogre
  3635 | D:4      | Reached XP level 7. HP: 11/40 MP: 7/7
  3807 | D:4      | Identified the +1 ring mail of the Crafting Gods {Harm rC-
                  | Dex+5}
  3918 | D:4      | Reached skill level 5 in Short Blades
  4161 | D:4      | Found a snail-covered altar of Cheibriados.
  4243 | D:4      | Found a runed translucent gate.
  4243 | D:4      | Found a runed translucent gate.
  4243 | D:4      | Found a runed translucent gate.
  4335 | D:4      | Reached skill level 5 in Stealth
  4614 | D:4      | Noticed Pimp's ghost (amateur AtFi)
  4657 | D:5      | Entered Level 5 of the Dungeon
  5058 | D:5      | Reached skill level 5 in Evocations
  5371 | D:5      | Noticed a yak
  5384 | D:5      | Reached XP level 8. HP: 46/46 MP: 8/8
  5411 | D:5      | Killed a yak
  5488 | D:5      | Reached skill level 6 in Stealth
  5900 | D:5      | Reached skill level 5 in Dodging
  6073 | D:5      | Found a glowing golden altar of the Shining One.
  6264 | D:5      | Found an ornate altar of the Wu Jian Council.
  6268 | D:5      | Noticed a spectral centipede
  6268 | D:5      | Noticed a spectral black mamba
  6327 | D:6      | Noticed Prince Ribbit
  6348 | D:6      | Killed Prince Ribbit
  6408 | D:6      | Reached XP level 9. HP: 34/51 MP: 9/9
  6421 | D:6      | Reached skill level 7 in Stealth
  6583 | D:6      | Found a hazy altar of Hepliaklqana.
  6599 | D:6      | Found a glowing drain.
  6605 | Sewer    | Entered a sewer
  7789 | D:6      | Reached skill level 5 in Fighting
  8028 | D:6      | Found a staircase to the Ecumenical Temple.
  8139 | D:6      | Found an opulent altar of Gozag.
  8217 | Temple   | Entered the Ecumenical Temple
  8291 | D:6      | Became a worshipper of Gozag Ym Sagoz the Greedy
  8379 | D:7      | Reached skill level 8 in Stealth
  8415 | D:7      | Noticed Maggie
  8419 | D:7      | Killed Maggie
  8420 | D:7      | Reached XP level 10. HP: 60/60 MP: 10/10
  8460 | D:7      | Reached skill level 10 in Short Blades
  8680 | D:7      | Found a sparkling altar of Nemelex Xobeh.
  8855 | D:7      | You fall into a shaft and drop 3 floors!
  8855 | D:10     | Entered Level 10 of the Dungeon
  9164 | D:10     | Found a staircase to the Orcish Mines.
  9877 | D:8      | Reached skill level 9 in Stealth
 10456 | D:8      | Found Susin's Weapon Emporium.
 10473 | D:8      | Noticed Gastronok
 10664 | D:8      | Found a faded altar of an unknown god.
 10669 | D:8      | Found a faded altar of an unknown god.
 10671 | D:8      | Found a glowing silver altar of Zin.
 10672 | D:8      | Found an iron altar of Okawaru.
 10677 | D:8      | Found a hide-covered altar of Uskayaw.
 10812 | D:8      | Killed Gastronok
 10813 | D:8      | Reached XP level 11. HP: 24/66 MP: 11/11
 11292 | D:9      | Noticed a death yak
 11311 | D:9      | Noticed a death yak
 11653 | D:9      | Found a radiant altar of Vehumet.
 11658 | D:9      | Found a shimmering blue altar of Sif Muna.
 11662 | D:9      | Got Sif Muna's Monograph on Reconstruction
 11665 | D:9      | Found an ancient bone altar of Kikubaaqudgha.
 11702 | D:9      | Found a staircase to the Lair.
 12049 | D:9      | Reached skill level 10 in Stealth
 12224 | D:9      | Killed a death yak
 12375 | D:9      | Found a broken altar of Ashenzari.
 12423 | D:9      | Noticed a death yak
 12434 | D:9      | Killed a death yak
 12446 | D:9      | Killed a death yak
 12642 | D:9      | Found a blossoming altar of Fedhas.
 12643 | D:9      | Found a bloodstained altar of Trog.
 12643 | D:9      | Found a burning altar of Makhleb.
 12644 | D:9      | Found a shadowy altar of Dithmenos.
 12724 | D:9      | Noticed Maurice
 12728 | D:9      | Killed Maurice
 12729 | D:9      | Reached skill level 11 in Stealth
 12993 | D:3      | Bought a +1 short sword of venom for 148 gold pieces
 12993 | D:3      | Bought a potion of haste for 140 gold pieces
 12993 | D:3      | Bought +2 ice dragon scales for 1008 gold pieces
 12993 | D:3      | Bought a +0 pair of gloves for 63 gold pieces
 13134 | D:4      | Killed Pimp's ghost
 13674 | D:10     | Noticed a boulder beetle
 13707 | D:10     | Killed a boulder beetle
 14247 | D:11     | Found Roloap's Assorted Antiques.
 14250 | D:11     | Bought a scroll labelled UHUYPNA TOVI for 25 gold pieces
 14250 | D:11     | Bought a glowing ruby potion for 22 gold pieces
 14250 | D:11     | Bought a glowing orange potion for 22 gold pieces
 14333 | D:11     | Noticed a red ugly thing
 14337 | D:11     | Killed a red ugly thing
 14338 | D:11     | Reached XP level 12. HP: 75/75 MP: 12/12
 14566 | D:11     | Reached skill level 10 in Evocations
 15761 | D:12     | Found a runed translucent gate.
 15762 | D:12     | Found a runed translucent gate.
 15763 | D:12     | Found a runed translucent gate.
 15811 | D:12     | Reached skill level 10 in Dodging
 16117 | D:12     | Reached skill level 12 in Stealth
 17313 | Lair:1   | Entered Level 1 of the Lair of Beasts
 17392 | Lair:1   | Noticed Sonja
 17396 | Lair:1   | Killed Sonja
 17397 | Lair:1   | Reached skill level 5 in Armour
 17572 | Lair:1   | You fall into a shaft and drop 1 floor!
 17606 | Lair:2   | Noticed Harold
 17642 | Lair:2   | Killed Harold
 17643 | Lair:2   | Reached skill level 1 in Throwing
 17643 | Lair:2   | Reached XP level 13. HP: 65/81 MP: 13/13
 18168 | Lair:2   | Reached skill level 13 in Stealth
 18813 | Lair:1   | Reached skill level 10 in Fighting
 19069 | Lair:1   | Noticed Erica
 19073 | Lair:1   | Killed Erica
 19788 | Lair:1   | Got the Enchiridion on Spectral Relocation
 20743 | Lair:3   | Found a runed translucent door.
 20743 | Lair:3   | Noticed Zenkrye's ghost (journeyman HuCA)
 20825 | Lair:3   | Found a staircase to the Snake Pit.
 20867 | Lair:3   | Reached skill level 14 in Stealth
 21115 | Lair:3   | Identified a scroll of acquirement
 21346 | Lair:3   | Found a staircase to the Shoals.
 21750 | Lair:4   | Reached XP level 14. HP: 73/85 MP: 14/14
 22143 | Lair:4   | Acquired 1023 gold pieces
 22789 | Lair:4   | Found a staircase to the Slime Pits.
 24049 | Lair:4   | Reached skill level 15 in Stealth
 24601 | Lair:5   | Entered Level 5 of the Lair of Beasts
 26323 | Lair:5   | Identified the +6 falchion of Extermination {freeze, rPois
                  | Dex+5}
 26362 | Lair:5   | Reached skill level 16 in Stealth
 26762 | Lair:5   | Reached XP level 15. HP: 81/97 MP: 15/15
 27816 | D:13     | Reached skill level 1 in Maces & Flails
 29239 | D:13     | Found a runed translucent gate.
 29240 | D:13     | Found a runed translucent gate.
 29241 | D:13     | Noticed retardedninja's ghost (journeyman GnFi)
 29253 | D:13     | Reached skill level 5 in Maces & Flails
 29382 | D:13     | Found a runed translucent gate.
 30060 | D:14     | Found a gate to the Vaults.
 30619 | D:14     | Found an opulent altar of Gozag.
 30730 | D:14     | Noticed Frances
 30781 | D:14     | Killed Frances
 32148 | Orc:1    | Entered Level 1 of the Orcish Mines
 32440 | Orc:1    | Found an ornate altar of the Wu Jian Council.
 32441 | Orc:1    | Found a transporter.
 32459 | Orc:1    | Found a transporter.
 32513 | Orc:1    | Reached skill level 17 in Stealth
 32546 | Orc:1    | Noticed an orc warlord
 32818 | Orc:1    | Found a transporter.
 32857 | Orc:1    | Found a transporter.
 32917 | Orc:1    | Noticed an orc warlord
 33077 | Orc:1    | Killed an orc warlord
 33373 | Orc:2    | Entered Level 2 of the Orcish Mines
 33494 | Orc:2    | Found a staircase to the Elven Halls.
 33780 | Orc:1    | Reached XP level 16. HP: 96/102 MP: 16/16
 33885 | Orc:1    | Reached skill level 1 in Shields
 34116 | Orc:1    | Found an ornate altar of the Wu Jian Council.
 35348 | Orc:2    | Found Eesia's Eclectic Emporium.
 36201 | Orc:2    | Reached skill level 15 in Dodging
 36264 | Orc:2    | Found Siropt's Magic Scroll Emporium.
 36264 | Orc:2    | Found Hagh's Antique Armour Boutique.
 36266 | Orc:2    | Paralysed by an orc sorcerer for 2 turns
 36408 | Orc:2    | Found Erauh's Jewellery Boutique.
 36408 | Orc:2    | Found Kiergh's Book Emporium.
 36497 | Orc:2    | Bought a scroll of immolation for 52 gold pieces
 36497 | Orc:2    | Bought a scroll of magic mapping for 97 gold pieces
 36497 | Orc:2    | Bought a scroll of fear for 52 gold pieces
 36497 | Orc:2    | Bought a scroll of torment for 123 gold pieces
 36497 | Orc:2    | Bought a scroll of vulnerability for 52 gold pieces
 36500 | Orc:2    | Bought the ring of Egalitarianism {rF+ Will+ Str+2 Slay+4}
                  | for 820 gold pieces
 36664 | D:11     | Bought a scroll of teleportation for 75 gold pieces
 36664 | D:11     | Bought a wand of flame (12) for 210 gold pieces
 36664 | D:11     | Bought a wand of iceblast (4) for 240 gold pieces
 36751 | Orc:2    | Bought a scroll of enchant armour for 112 gold pieces
 36751 | Orc:2    | Bought a scroll of enchant weapon for 112 gold pieces
 36793 | Orc:2    | Bought 2 scrolls of identify for 52 gold pieces
 36793 | Orc:2    | Bought a scroll of identify for 26 gold pieces
 37044 | D:15     | Entered Level 15 of the Dungeon
 37439 | D:15     | Found a staircase to the Depths.
 38840 | D:15     | Reached skill level 5 in Shields
 39139 | D:15     | Bought a glowing rapier for 140 gold pieces
 39139 | D:15     | Bought a masterwork morningstar for 180 gold pieces
 39139 | D:15     | Identified the +7 morningstar "Tithiju" {flame, rPois rF-
                  | Will++} (You bought it in a shop on level 15 of the
                  | Dungeon)
 39144 | D:15     | Bought a transparent cloak for 342 gold pieces
 39144 | D:15     | Identified the +5 cloak of Light {Will+ Str+2 Int+3} (You
                  | bought it in a shop on level 15 of the Dungeon)
 39155 | D:15     | Bought a translucent chain mail for 342 gold pieces
 39155 | D:15     | Identified the +1 chain mail of Vupnaaz {rC++ Stlth+} (You
                  | bought it in a shop on level 15 of the Dungeon)
 39155 | D:15     | Bought an opalescent robe for 205 gold pieces
 39155 | D:15     | Identified the +0 robe of Guytaoge {Dex+3} (You bought it
                  | in a shop on level 15 of the Dungeon)
 39155 | D:15     | Bought a bloodstained scale mail for 324 gold pieces
 39155 | D:15     | Identified the +4 scale mail of Harhyoro {Int+4} (You
                  | bought it in a shop on level 15 of the Dungeon)
 39155 | D:15     | Bought a runed hat for 252 gold pieces
 39414 | Shoals:1 | Entered Level 1 of the Shoals
 39452 | Shoals:1 | Noticed Kirke
 39474 | Shoals:1 | Killed Kirke
 39475 | Shoals:1 | Reached skill level 10 in Maces & Flails
 39794 | Shoals:1 | Noticed Jorgrun
 40965 | Shoals:3 | Reached XP level 17. HP: 19/108 MP: 17/17
 41947 | Shoals:4 | Entered Level 4 of the Shoals
 42970 | Shoals:4 | Paralysed by an air elemental for 1 turns
 43647 | Shoals:4 | Killed from afar by a water nymph

Illustrated notes

Levels and vault maps discovered:
D:1:      dpeg_arrival_shelter, layout_rooms,
          shapermc_ecumenical_altar_hornbeckon,
          amcnicky_mini_rare_corridor_liquid, minmay_misc_feat_nine_boxes,
          chequers_serial_rivers_room_b
D:2:      wad_lake_hut, layout_basic, serial_corexii_hall,
          chequers_hall_statues_corner_a, chequers_hall_statues_wall_a
D:3:      layout_loops_ring, grunt_qazlal_clouds, jmf_multi_god_temple,
          serial_shops, shop, st_stairs_13, minmay_misc_feat_enclosed,
          kennysheep_minor_cross
D:4:      layout_loops_ring, nicolae_overflow_crystal_walls,
          nicolae_yredelemnul_corpse_copse, gammafunk_ghost_split,
          corexii_corridor_pit, minmay_misc_feat_cross
D:5:      cheibrodos_barr_body, layout_basic, tso_metal_star,
          pdpol_wu_jian_five_deadly_venoms
D:6:      layout_gridville, lemuel_tele_altar, overflow_temple_1_default,
          minmay_temple_entry_fiery, cheibrodos_sewer_entry_drain,
          uniq_prince_ribbit1
D:7:      layout_loops_ring, nemelex_dance_club_becter, minmay_door_square,
          minmay_mini_ossuary, uniq_maggie
D:8:      layout_cave_pools, chequers_temple_overflow_minitemple, serial_shops,
          nicolae_shop_bloodbath_and_beyond, uniq_gastronok
D:9:      layout_stronghold, grunt_temple_overflow_magic_moments,
          chequers_temple_overflow_statue_of_worship,
          lemuel_coloured_pillars_altar, dpeg_lair_monsters, uniq_maurice
D:10:     layout_loops_ring, erik_orc_3
D:11:     layout_stronghold, serial_shops, kennysheep_mini
D:12:     layout_irregular_city, gammafunk_ghost_necromancy,
          grunt_decor_one_mirror
D:13:     layout_layer_cave, gammafunk_ghost_hydra_chop
D:14:     layout_roguey, grunt_vaults_entry_fortified, old_standard_altar,
          grunt_ogre_cave, uniq_frances, uniq_azrael
D:15:     hangedman_depths_entry_civil_slaughter, layout_long_grid,
          nicolae_water_bricks, lightli_minifort
Temple:   ebering_the_one_and_only
Lair:1:   layout_big_grid, grunt_megastairs_5, uniq_sonja, uniq_erica
Lair:2:   layout_cellular_growth, uniq_harold
Lair:3:   beargit_carnivore_pack, layout_regular_city, minmay_shoals_entry_hut,
          guppyfry_snake_entry_garden, hellmonk_ghost_happy_afterlife,
          cheibrodos_lair_lostbears, infiniplex_staircase_pool,
          grunt_megastairs_4
Lair:4:   layout_roguey, minmay_slime_entry_pillars, serial_bayou_shore_a,
          lemuel_fruit_tree
Lair:5:   minmay_lair_end_frog_pond, layout_regular_city
Shoals:1: layout_shoals, nicolae_shoals_lost_giant_hut,
          nicolae_shoals_arrival_archipelago, uniq_kirke, uniq_josephine,
          uniq_louise, uniq_jorgrun
Shoals:2: layout_shoals
Shoals:3: layout_shoals, gammafunk_ghost_cemetery
Shoals:4: shoals_end_hellmonk_storm_palace [storm_palace_center_ruins,
          storm_palace_corner_blocked, storm_palace_corner_reverse_hut,
          storm_palace_corner_pillars, storm_palace_corner_pillars]
Orc:1:    dreamdust_wu_jian_sword_trials, layout_caves,
          dreamdust_deal_with_the_devil
Orc:2:    grunt_orc_tribal_feast, layout_diamond_mine, nicolae_alphabet_shops

Skill      XL: |  1  2  3  4  5  6  7  8  9 10 11 12 13 14 15 16 17 |
---------------+----------------------------------------------------+-----
Fighting       | 2 3 4 5 6 8 9 10 12 13 | 13.0
Evocations     | 4 5 6 7 8 9 10 | 10.0
Armour         | 1 2 5 7 8 |  8.0
Stealth        | 2 4 5 6 8 9 11 12 14 16 17 | 17.0
Short Blades   | 2 4 6 7 9 11 12 | 12.0
Dodging        | 3 4 5 6 8 9 10 11 13 14 15 | 15.0
Throwing       | 1 4 |  4.0
Maces & Flails | 8 10 | 10.0
Shields        | 7 8 |  8.8

Action                     |  1- 3 |  4- 6 |  7- 9 | 10-12 | 13-15 | 16-18 || total
---------------------------+-------+-------+-------+-------+-------+-------++-------
  Melee: Club              |    78 |       |       |       |    12 |   389 ||   479
         Dagger            |   104 |    61 |       |       |       |       ||   165
         Rapier            |       |    63 |   463 |   551 |   262 |       ||  1339
         Punch             |       |     4 |     3 |     8 |    47 |    25 ||    87
         Short sword       |       |       |       |   200 |  1747 |   773 ||  2720
  Throw: Dart              |       |       |     4 |       |    27 |     7 ||    38
         Throwing net      |       |       |       |       |     2 |    10 ||    12
 Invoke: Call Merchant     |       |       |       |       |       |     2 ||     2
  Evoke: Wand              |     8 |    10 |    11 |    40 |    78 |    18 ||   165
         Phantom mirror    |       |       |       |     1 |     4 |     3 ||     8
    Use: Potion            |     1 |       |       |     3 |    17 |     6 ||    27
         Scroll            |       |       |       |    12 |    12 |    16 ||    40
   Stab: Sleeping          |     9 |    12 |    23 |    36 |    50 |    24 ||   154
         Betrayed ally     |       |     1 |     1 |       |       |       ||     2
         Distracted        |       |       |     2 |     6 |    18 |     5 ||    31
         Invisible         |       |       |     1 |    16 |    19 |    12 ||    48
         Held in net/web   |       |       |       |       |     2 |     4 ||     6
 Armour: Leather armour    |    42 |    23 |   120 |       |       |       ||   185
         Acid dragon scale |       |       |       |    60 |       |       ||    60
         Ice dragon scales |       |       |       |   169 |   548 |   275 ||   992
         Skin              |       |       |       |    18 |     1 |       ||    19
  Dodge: Dodged            |   165 |   103 |   290 |   515 |  1543 |  1053 ||  3669
         Repelled          |       |       |     3 |     3 |    12 |     2 ||    20

Table legend: (Time is in decaauts)
 A = Elapsed time spent in this place.
 B = Non-inter-level travel time spent in this place.
 C = Inter-level travel time spent in this place.
 D = Time resting spent in this place.
 E = Time spent auto-exploring this place.
 F = Levels seen in this place.
 G = Mean time per level.
                   A        B        C        D        E       F      G
               +--------+--------+--------+--------+--------+-----+--------+
         Total |  42357 |  40145 |   2212 |   5777 |  26237 |  28 | 1512.8 |
       Dungeon |  23186 |  21547 |   1639 |   2150 |  15313 |  15 | 1545.7 |
        Temple |      7 |      7 |      0 |      0 |      0 |   1 |    7.0 |
          Lair |   9774 |   9465 |    309 |   1285 |   6366 |   5 | 1954.8 |
        Shoals |   4343 |   4327 |     16 |   1453 |   1908 |   4 | 1085.8 |
  Orcish Mines |   4101 |   3855 |    246 |    888 |   2108 |   2 | 2050.5 |
         Sewer |    943 |    943 |      0 |      0 |    540 |   1 |  943.0 |
               +--------+--------+--------+--------+--------+-----+--------+

Top non-repeatable levels by time:
  Lair:3: 2784 daAuts
    D:14: 2630 daAuts
  Lair:4: 2481 daAuts
   Orc:2: 2182 daAuts
  Lair:5: 2129 daAuts
   Orc:1: 1919 daAuts
     D:9: 1858 daAuts
    D:13: 1829 daAuts
     D:5: 1749 daAuts
    D:15: 1713 daAuts
    D:12: 1701 daAuts
Shoals:4: 1670 daAuts
    D:11: 1653 daAuts
     D:2: 1517 daAuts
Shoals:3: 1509 daAuts
